 Dungeon Crawl Stone Soup version 0.25-a0-44-g29a1220a87 (webtiles) character file.

Game seed: 16535675471666608954, levelgen mode: deterministic

314 iamserjio the Ducker (level 6, -5/30 HPs)
             Began as a Spriggan Warper on Oct 24, 2019.
             Was an Initiate of Dithmenos.
             Slain by an ogre
             ... wielding a +0 giant spiked club
              (30 damage)
             ... on level 4 of the Dungeon.
             The game lasted 00:05:46 (4639 turns).

iamserjio the Ducker (Spriggan Warper)              Turns: 4639, Time: 00:05:46

Health: -5/30      AC:  2    Str:  9    XL:     6   Next: 19%
Magic:  9/11       EV: 21    Int: 14    God:    Dithmenos [......]
Gold:   52         SH:  0    Dex: 16    Spells: 3/10 levels left

rFire    . . .     SeeInvis +   x - +3 dagger
rCold    . . .     Gourm    .   (shield restricted)
rNeg     . . .     Faith    .   b - +0 robe
rPois    .         Spirit   .   (helmet restricted)
rElec    .         Reflect  .   w - scarf {cloud immunity}
rCorr    .         Harm     .   (gloves unavailable)
MR       +....                  (boots unavailable)
Stlth    +++.......             (no amulet)
HPRegen  0.10/turn              (no ring)
MPRegen  0.12/turn              (no ring)

@: very quick
A: very small, unfitting armour, see invisible, herbivore, speed 3, slow
metabolism 2
a: Renounce Religion


You were on level 4 of the Dungeon.
You worshipped Dithmenos.
Dithmenos was noncommittal.
You were near starving.

You visited 2 branches of the dungeon, and saw 6 of its levels.

You collected 196 gold pieces.
You spent 144 gold pieces at shops.

Inventory:

Hand Weapons
 a - a +0 short sword
 j - a +0 dagger
 o - a +0 hunting sling
 x - a +3 dagger (weapon)
Missiles
 c - 70 arrows
 g - 50 stones (quivered)
 p - 47 poisoned darts
 v - 22 sling bullets
Armour
 b - a +0 robe (worn)
 w - a scarf of cloud immunity (worn)
Scrolls
 d - 2 scrolls of blinking
 h - a scroll of fog {unknown}
 i - 2 scrolls of remove curse {unknown}
 k - 5 scrolls of identify {unknown}
 q - 2 scrolls of teleportation {unknown}
 r - 2 scrolls of amnesia {unknown}
 s - a scroll of enchant weapon {unknown}
 u - 2 scrolls of immolation {unknown}
 y - a scroll of enchant armour {unknown}
Potions
 e - a potion of curing {unknown}
 l - a potion of ambrosia {unknown}
 m - a potion of cancellation {unknown}
 n - 3 potions of might
 t - a potion of resistance {unknown}
 z - a potion of agility {unknown}
 A - a potion of heal wounds {unknown}
 B - a potion of lignification
 C - a potion of berserk rage
Comestibles
 f - 9 rations


   Skills:
 - Level 2.0 Fighting
 + Level 4.6 Short Blades
 - Level 1.0 Throwing
 + Level 5.7 Dodging
 * Level 5.3 Stealth
 - Level 2.6 Spellcasting
 - Level 4.4 Translocations


You had 3 spell levels left.
You knew the following spells:

 Your Spells              Type           Power        Failure   Level  Hunger
a - Blink                 Tloc           N/A          5%          2    ###....
b - Shroud of Golubria    Chrm/Tloc      #.....       14%         2    ###....
c - Teleport Other        Tloc           ##......     11%         3    ###....

Your spell library contained the following spells:

 Spells                   Type           Power        Failure   Level  Hunger
 Gell's Gravitas          Tloc           ##........   11%         3    ###....
 Lesser Beckoning         Tloc           ##........   11%         3    ###....
 Passage of Golubria      Tloc           N/A          36%         4    #####..


Dungeon Overview and Level Annotations

Branches:
Dungeon (5/15)             Temple (1/1) D:4

Altars:
Ashenzari
Dithmenos
Elyvilon
Gozag
Hepliaklqana
Makhleb
Nemelex Xobeh
Qazlal
Sif Muna
Trog
Uskayaw
Xom
Zin
The Shining One

Shops:
D:5 !


Innate Abilities, Weirdness & Mutations

You are very small and have problems with some larger weapons.
You are too small for most types of armour.
You have supernaturally acute eyesight. (SInv)
You are a herbivore.
You cover ground extremely quickly.
You need to consume almost no food.


Message History

The ogre shouts!
You hit the adder skeleton. You hit the adder skeleton.
The adder skeleton bites you.
You hit the adder skeleton. The adder skeleton misses you.
You hit the adder skeleton. The adder skeleton bites you.
You hit the adder skeleton but do no damage.
The adder skeleton bites you.
You barely miss the adder skeleton. The adder skeleton closely misses you.
You hit the adder skeleton.
You destroy the adder skeleton!
Dithmenos accepts your kill.
Casting: Shroud of Golubria (safe; 14% risk of failure) Space distorts slightly along a thin shroud covering your body.
You hit the ogre but do no damage.
Your shroud bends the ogre's attack away!!
You barely miss the ogre. You hit the ogre but do no damage.
The ogre hits you with a +0 giant spiked club!!
Ouch! That really hurt!
You die...

###################
..................+ .#
...............#..###.
###'#######....#.....
...)......#....#...(
..........#....#...
#######...#....#..
..#....#O# # ####
.#....#@#..### ... .#
+............> ..##
#.#
#....#.##.....##..#
#.# #......#
..##.#...# #.#
#....###
#.##.#.O.###.# #....#
#.##...a##...# #....#
#..#.#........ #....#
#..#.##......# #....
#.......####.#


You could see an ogre.

Vanquished Creatures
  A bullfrog (D:4)
  2 scorpions (D:4)
  A worker ant (D:3)
  A hound zombie (D:5)
  2 hound skeletons (D:4)
  3 adders
  2 adder skeletons (D:4)
  A worm (D:2)
  A dart slug (D:1)
  2 leopard geckos
  An orc (D:3)
  4 giant cockroaches
  6 goblins
  8 hobgoblins
  3 jackals (D:1)
  5 kobolds
  3 ball pythons (D:3)
  5 bats
  2 frilled lizards
  6 rats
59 creatures vanquished.

Notes
Turn   | Place    | Note
-------+----------+-------------------------------------------
     0 | D:1      | iamserjio the Spriggan Warper began the quest for the Orb.
     0 | D:1      | Reached XP level 1. HP: 10/10 MP: 5/5
   515 | D:1      | Reached XP level 2. HP: 14/14 MP: 6/6
  1077 | D:1      | Reached XP level 3. HP: 12/18 MP: 8/8
  1868 | D:2      | Found a glowing golden altar of the Shining One.
  2746 | D:3      | Learned a level 2 spell: Blink
  2749 | D:3      | Learned a level 2 spell: Shroud of Golubria
  2753 | D:3      | Learned a level 3 spell: Teleport Other
  2770 | D:3      | Reached skill level 1 in Stealth
  2864 | D:3      | Reached XP level 4. HP: 7/23 MP: 9/9
  3676 | D:4      | Reached skill level 5 in Dodging
  3676 | D:4      | Reached XP level 5. HP: 26/26 MP: 10/10
  3685 | D:4      | Noticed an ogre
  3709 | D:5      | Entered Level 5 of the Dungeon
  3712 | D:5      | Found Qatzaun's Distillery.
  3721 | D:5      | Bought a potion of lignification for 36 gold pieces
  3721 | D:5      | Bought a potion of might for 48 gold pieces
  3721 | D:5      | Bought a potion of berserk rage for 60 gold pieces
  3785 | D:5      | Noticed an ice beast
  3839 | D:4      | Found a stormy altar of Qazlal.
  4127 | D:4      | Noticed an air elemental
  4128 | D:4      | Noticed a fire elemental
  4129 | D:4      | Noticed a water elemental
  4187 | D:4      | Found a staircase to the Ecumenical Temple.
  4209 | Temple   | Entered the Ecumenical Temple
  4382 | Temple   | Became a worshipper of Dithmenos the Shadowed
  4520 | D:4      | Reached skill level 5 in Stealth
  4520 | D:4      | Reached XP level 6. HP: 30/30 MP: 11/11
  4639 | D:4      | Slain by an ogre

Levels and vault maps discovered:
D:1:      minmay_arrival_up_and_down, layout_basic, st_stairs_10
D:2:      layout_basic, nicolae_overflow_hidden_temple
D:3:      layout_loops_ring
D:4:      layout_basic, nicolae_qazlal_style_of_elements, kennysheep_mini,
          minmay_temple_entry_metal_lava
D:5:      layout_loops_cross, first_ration, serial_shops, shop,
          nicolae_ossuary_entry_plus, minivault_24, minmay_misc_feat_rugged
Temple:   nicolae_temple_figure_eight

Skill      XL: |  1  2  3  4  5 |
---------------+----------------+-----
Short Blades   | 3 4 |  4.6
Dodging        | 4 5 |  5.7
Stealth        | 1 3 5 |  5.3
Fighting       | 2 |  2.0
Throwing       | |  1.0
Spellcasting   | |  2.6
Translocations | |  4.4

Action                   |  1- 3 |  4- 6 || total
-------------------------+-------+-------++-------
Melee: Short sword       |   218 |    15 ||   233
       Dagger            |       |    84 ||    84
Throw: Boomerang         |       |     5 ||     5
       Stone             |       |     1 ||     1
 Cast: Shroud of Golubri |       |     3 ||     3
 Stab: Sleeping          |     2 |     7 ||     9
Armor: Robe              |    22 |     8 ||    30
Dodge: Dodged            |   173 |    60 ||   233

Table legend:
 A = Non-vault XP
 B = Vault XP
 C = Vault XP percentage of total XP
 D = Non-vault monster count
 E = Vault monster count
 F = Vault count percentage of total count
                 A         B        C        D         E       F
            +---------+---------+-------+---------+---------+-------
      Total |     445 |       4 |   0.9 |      57 |       2 |   3.4
            +---------+---------+-------+---------+---------+-------
        D:1 |      45 |       4 |   8.2 |      26 |       2 |   7.1
        D:2 |      12 |       0 |   0.0 |       5 |       0 |   0.0
        D:3 |      81 |       0 |   0.0 |      16 |       0 |   0.0
        D:4 |     287 |       0 |   0.0 |       9 |       0 |   0.0
        D:5 |      20 |       0 |   0.0 |       1 |       0 |   0.0
            +---------+---------+-------+---------+---------+-------
